 Dungeon Crawl Stone Soup version 0.29.1-15-g9cfb28693d (webtiles) character file.

Game seed: 7835314056415984610

644 Arctor the Digger (level 7, -4/38 HPs)
             Began as a Gargoyle Earth Elementalist on Feb 24, 2023.
             Slain by an orc priest
             ... wielding a +0 whip
              (5 damage)
             ... on level 4 of the Dungeon.
             The game lasted 00:03:51 (3019 turns).

Arctor the Digger (Gargoyle Earth Elementalist)     Turns: 3019, Time: 00:03:52

Health: -4/38      AC:  6    Str: 16    XL:     7   Next: 52%
Magic:  0/12       EV: 12    Int: 22    God:
Gold:   163        SH:  0    Dex:  9    Spells: 3/13 levels left

rFire   . . .      SeeInvis .   p - +4 scythe (venom)
rCold   . . .      Faith    .   (shield currently unavailable)
rNeg    + + .      Spirit   .   a - +0 robe
rPois   ∞          Reflect  .   (no helmet)
rElec   +          Harm     .   (no cloak)
rCorr   .          Rampage  .   (no gloves)
Will    .....                   (no boots)
Stlth   +++.......              (no amulet)
HPRegen 0.12/turn               d - +6 ring of intelligence
MPRegen 0.13/turn               e - ring of positive energy

@: very slightly contaminated
A: sickness immunity, AC +4, negative energy resistance 1, electricity
resistance, torment resistance 1, petrification resistance, hooves 1, strong 1
a: no special abilities


You were on level 4 of the Dungeon.
You visited 1 branch of the dungeon, and saw 4 of its levels.

You collected 163 gold pieces.

Inventory:

Hand Weapons
 i - a +1 spear of flaming
 p - a +4 scythe of venom (weapon)
Armour
 a - a +0 robe (worn)
Jewellery
 d - a +6 ring of intelligence (left hand)
 e - a ring of positive energy (right hand)
Wands
 o - a wand of digging (1)
Scrolls
 c - a scroll of poison {unknown}
 f - a scroll of enchant armour {unknown}
 g - 3 scrolls of fog {unknown}
 h - 2 scrolls of vulnerability {unknown}
 k - a scroll of blinking {unknown}
 l - a scroll of identify {unknown}
 n - a scroll of fear {unknown}
Potions
 b - a potion of magic
 j - a potion of curing
 m - a potion of ambrosia {unknown}
 q - a potion of degeneration {unknown}


   Skills:
 + Level 1.1 Fighting
 + Level 1.1 Polearms
 + Level 3.3 Dodging
 + Level 5.0 Stealth
 + Level 3.9 Spellcasting
 - Level 1.0 Transmutations
 + Level 5.8 Earth Magic


You had 3 spell levels left.
You knew the following spells:

 Your Spells              Type           Power      Damage    Failure   Level
a - Sandblast             Erth           58%        2d13      1%          1
b - Stone Arrow           Conj/Erth      34%        3d9       11%         3
c - Passwall              Tmut/Erth      15%        N/A       4%          2
d - Petrify               Tmut/Erth      19%        N/A       26%         4

Your spell library contained the following spells:

 Spells                   Type           Power      Damage    Failure   Level
 Irradiate                Conj/Tmut      3%         3d12      94%         5
 Sublimation of Blood     Necr           Unusable   N/A       N/A         2

Dungeon Overview and Level Annotations

Branches:
Dungeon (4/15)
 Temple: D:4-7

Altars:


Innate Abilities, Weirdness & Mutations

You are immune to sickness and miasma.
Your stone body is resilient. (AC +4)
You are immune to poison.
You resist negative energy. (rN+)
You are resistant to electric shocks. (rElec)
You are resistant to unholy torment.
You are immune to petrification.
You have large cloven feet.
Your muscles are strong. (Str +4, Int/Dex -1)


Message History

Press: ? - help, Shift-Dir - straight line, f - orc wizard
Aim: an orc wizard, wielding a +0 dagger and wearing a +0 robe (60% to hit)
You miscast Stone Arrow.
You are very lightly contaminated with residual magic.
Nothing appears to happen.
The orc hits you with a +0 flail.
The orc wizard hits you but does no damage.
The orc priest closely misses you.
Casting: Stone Arrow (dangerous; 11% risk of failure)
Confirm with . or Enter, or press ? or * to list all spells.
Aiming: Stone Arrow (dangerous; 11% risk of failure)
Press: ? - help, Shift-Dir - straight line, f/p - orc wizard
Aim: an orc wizard, wielding a +0 dagger and wearing a +0 robe (60% to hit)
The stone arrow hits the orc wizard!
The orc wizard is severely wounded.
The orc hits you with a +0 flail. The orc wizard misses you.
The orc priest hits you with a +0 whip.
* * * LOW HITPOINT WARNING * * *
Casting: Stone Arrow (dangerous; 11% risk of failure)
Confirm with . or Enter, or press ? or * to list all spells.
Aiming: Sandblast (safe; 1% risk of failure)
Press: ? - help, Shift-Dir - straight line, f/p - orc wizard
Aim: an orc wizard, wielding a +0 dagger and wearing a +0 robe (severely wounded, 79% to hit)
The blast of sand hits the orc wizard!
You kill the orc wizard!
The orc priest hits you with a +0 whip.
* * * LOW HITPOINT WARNING * * *
The orc closely misses you.
Your Stealth skill increases to level 5!
Casting: Sandblast (safe; 1% risk of failure)
Confirm with . or Enter, or press ? or * to list all spells.
Aiming: Sandblast (safe; 1% risk of failure)
Press: ? - help, Shift-Dir - straight line, f - orc priest
Aim: an orc priest, wielding a +0 whip (83% to hit)
The blast of sand hits the orc priest.
The orc priest is lightly wounded.
The orc priest calls down the wrath of Beogh upon you.
You struggle to resist.
The orc hits you with a +0 flail.
* * * LOW HITPOINT WARNING * * *
The orc priest hits you with a +0 whip.
You die...

#'## ##..# ...#####+##
#### # #..##.....#
#... #. #..##.....#
#...
#$.##...?....######...
#...oo.......#........
+...)@.......'.....###
#####..##....#.....#
####.....#.....#
#...[.#.....#
##....#.....#
#.....#.....#
#.....#.....#
#.....#.....###
#.....# ....


You could see an orc priest and an orc.

Vanquished Creatures
  Grinder (D:3)
  Sigmund (D:3)
  An ogre (D:4)
  A scorpion (D:4)
  An orc wizard (D:4)
  Robin (D:3)
  3 adders
  2 worms
  4 orcs (D:4)
  2 ball pythons
  10 bats
  2 endoplasms
  3 giant cockroaches
  10 goblins
  9 hobgoblins
  2 quokkas
  2 frilled lizards
  6 kobolds
  A rat (D:2)
62 creatures vanquished.

Notes
Turn   | Place    | Note
-------+----------+-------------------------------------------
     0 | D:1      | Arctor the Gargoyle Earth Elementalist began the quest for
                  | the Orb.
     0 | D:1      | Reached XP level 1. HP: 10/10 MP: 3/3
   299 | D:1      | Reached skill level 1 in Transmutations
   299 | D:1      | Reached XP level 2. HP: 15/15 MP: 1/5
   798 | D:2      | Reached XP level 3. HP: 19/19 MP: 6/6
  1065 | D:2      | Found a faded altar of an unknown god.
  1354 | D:3      | Noticed Grinder
  1416 | D:3      | Killed Grinder
  1417 | D:3      | Reached skill level 5 in Earth Magic
  1417 | D:3      | Reached XP level 4. HP: 16/24 MP: 0/8
  1417 | D:3      | Reached XP level 5. HP: 18/28 MP: 0/9
  1417 | D:3      | Reached XP level 6. HP: 21/32 MP: 0/10
  1538 | D:3      | Learned a level 3 spell: Stone Arrow
  1548 | D:3      | Learned a level 2 spell: Passwall
  1556 | D:3      | Learned a level 4 spell: Petrify
  1700 | D:3      | Noticed Sigmund
  1728 | D:3      | Killed Sigmund
  1915 | D:3      | Noticed Robin
  1918 | D:3      | Reached XP level 7. HP: 36/36 MP: 12/12
  1937 | D:3      | HP: 1/36 [goblin/+0 club[Robin] (3)]
  1940 | D:3      | Gained mutation: Your muscles are strong. (Str +4, Int/Dex
                  | -1) [potion of mutation]
  1940 | D:3      | Gained mutation: You have large cloven feet. [potion of
                  | mutation]
  1949 | D:3      | HP: 2/54 [hobgoblin[Robin] (2)]
  1954 | D:3      | Killed Robin
  2672 | D:4      | Reached skill level 1 in Fighting
  2672 | D:4      | Reached skill level 1 in Polearms
  3019 | D:4      | Reached skill level 5 in Stealth
  3019 | D:4      | HP: 1/38 [orc/+0 flail (6)]
  3019 | D:4      | Slain by an orc priest

Illustrated notes

Levels and vault maps discovered:
D:1:      amcnicky_arrival_double_pillar, layout_basic
D:2:      layout_basic, shapermc_ecumenical_altar_pompeii, minmay_crystal_water,
          minmay_surrounded
D:3:      layout_rooms, uniq_robin, uniq_grinder, uniq_sigmund
D:4:      layout_gridville

Skill      XL: |  1  2  3  4  5  6  7 |
---------------+----------------------+-----
Transmutations | 1 |  1.0
Earth Magic    | 4 5 |  5.8
Dodging        | 2 3 |  3.3
Stealth        | 4 5 |  5.0
Spellcasting   | 3 |  3.9
Fighting       | 1 |  1.1
Polearms       | 1 |  1.1

Action                   |  1- 3 |  4- 6 |  7- 9 || total
-------------------------+-------+-------+-------++-------
Melee: Unarmed           |     3 |       |       ||     3
       Spear             |    43 |    10 |       ||    53
       Halberd           |       |     1 |    28 ||    29
       Kick              |       |       |     2 ||     2
 Cast: Sandblast         |    23 |     2 |    24 ||    49
       Stone Arrow       |       |     3 |     2 ||     5
       Passwall          |       |       |     1 ||     1
  Use: Potion            |       |       |     4 ||     4
 Stab: Sleeping          |     3 |     1 |       ||     4
Armor: Robe              |     8 |     4 |    27 ||    39
       Skin              |       |       |    26 ||    26
Dodge: Dodged            |    35 |     4 |    69 ||   108
